 Dungeon Crawl Stone Soup version 0.19-a0-1401-g902f63d (webtiles) character file.

914 mopl the Poker (level 7, -7/57 HPs)
             Began as a Mummy Chaos Knight on Sept 4, 2016.
             Was an Initiate of Gozag.
             Mangled by an iguana (11 damage)
             ... on level 8 of the Dungeon.
             The game lasted 00:08:50 (6142 turns).

mopl the Poker (Mummy Chaos Knight)                 Turns: 6142, Time: 00:08:51

Health: -7/57      AC:  5    Str: 21    XL:     7   Next: 82%
Magic:  7/7        EV: 16    Int: 11    God:    Gozag
Gold:   0          SH:  0    Dex: 18    Spells: 0 memorised, 6 levels left

rFire  . . .     SeeInvis .     b - +1 dagger (elec)
rCold  + + .     Gourm    .     l - +2 leather armour
rNeg   + + +     Faith    .     (no shield)
rPois  ∞         Spirit   .     (no helmet)
rElec  +         Dismiss  .     (no cloak)
rCorr  +         Reflect  .     (no gloves)
MR     .....     Harm     .     (no boots)
Stlth  ++........               (no amulet)
                                (no ring)
                                j - +5 ring of strength

@: agile, resistant, very slightly contaminated, invisible
A: no food or potions, fire vulnerability, cold resistance 1, negative energy
resistance 3, torment resistance, unbreathing
a: Potion Petition, Call Merchant, Bribe Branch, Renounce Religion


You were on level 8 of the Dungeon.
You worshipped Gozag.
Gozag was noncommittal.
You were not hungry.

You visited 2 branches of the dungeon, and saw 7 of its levels.

You collected 125 gold pieces.
You paid 125 gold pieces to Gozag.

Inventory:

Hand Weapons
 a - a +0 spear of chaos
 b - a +1 dagger of electrocution (weapon)
 k - a +3 mace
Missiles
 i - 33 poisoned needles
Armour
 l - a +2 leather armour (worn)
Jewellery
 j - a +5 ring of strength (left hand)
Scrolls
 c - a scroll of noise
 d - a scroll of remove curse
 e - 2 scrolls of identify
 f - a scroll of enchant armour
 g - a scroll of teleportation


   Skills:
 + Level 5.9 Fighting
 * Level 6.6 Polearms
 - Level 1.5 Armour
 - Level 0.7 Dodging


You had 6 spell levels left.
You didn't know any spells.

Dungeon Overview and Level Annotations

Branches:
Dungeon (5/15)             Temple (1/1) D:5

Altars:
Ashenzari
Cheibriados
Dithmenos
Fedhas
Gozag
Hepliaklqana
Kikubaaqudgha
Makhleb
Nemelex Xobeh
Qazlal
Ru
Uskayaw
Vehumet
Xom
Yredelemnul
The Shining One

Annotations:
D:4 Eustachio; ThereIsNoGod's ghost, amateur MiGl
D:8 Maurice


Innate Abilities, Weirdness & Mutations

You do not eat or drink.
Your flesh is vulnerable to fire.
You are immune to poison.
Your flesh is cold resistant. (rC+)
You are immune to negative energy. (rN+++)
You are immune to unholy pain and torment.
You can survive without breathing.


Message History

You catch the helpless iguana completely off-guard!
You hit the iguana but do no damage.
The iguana is lightly wounded.
The iguana closely misses you.
Okay, then.
You need at least 400 gold to purchase potions right now!
Unknown command.
Unknown command.
Unknown command.
You barely miss the iguana.
The iguana is lightly wounded.
You strike the helpless iguana from behind!
You hit the iguana.
The iguana is lightly wounded.
The iguana closely misses you.
You barely miss the iguana.
The iguana is lightly wounded.
The iguana bites you!
You die...
Your body crumbles into a pile of gold.

##....r.####..##
##.l####..##..##
##..## ##....##
##.r## #....#
##..## ##..##
#..## #..# #.H##
#....# #.{l##
#.###..# ####@#
#.# ##.. ### ##
#.. #.. .. #


You could see a hippogriff and an iguana.

Vanquished Creatures
  The ghost of aronpayne the Skirmisher, a novice FoAK of Lugonu (D:5)
  An ice beast (D:5)
  A scorpion (D:4)
  A howler monkey (D:5)
  A hound (D:5)
  An orc wizard (D:3)
  A worker ant (D:5)
  10 adders
  A shadow imp (Temple)
  2 oozes
  2 worms (D:2)
  A dart slug (D:2)
  4 giant geckos
  7 orcs (D:3)
  6 bats
  2 giant cockroaches
  10 goblins
  5 hobgoblins
  12 jackals
  A quokka (D:8)
  5 giant newts
  4 kobolds
  14 rats
93 creatures vanquished.

Vanquished Creatures (collateral kills)
  An orc wizard (D:3)
1 creature vanquished.

Grand Total: 94 creatures vanquished

Notes
Turn   | Place    | Note
-------+----------+-------------------------------------------
     0 | D:1      | mopl the Mummy Chaos Knight began the quest for the Orb.
     0 | D:1      | Reached XP level 1. HP: 18/18 MP: 1/1
   120 | D:1      | Reached XP level 2. HP: 22/24 MP: 2/2
   361 | D:1      | XOM: god gift: 24 gold pieces
   503 | D:1      | Reached skill level 3 in Polearms
   641 | D:1      | XOM: silly message
   967 | D:2      | Reached XP level 3. HP: 24/29 MP: 3/3
  1169 | D:2      | XOM: harmless Chrm miscast
  1178 | D:2      | XOM: silly message
  1219 | D:2      | Reached XP level 4. HP: 36/36 MP: 4/4
  1317 | D:2      | XOM: harmless Fire miscast
  1319 | D:2      | XOM: potion effect (curing)
  1445 | D:2      | Reached skill level 4 in Polearms
  1497 | D:2      | XOM: potion effect (heal wounds)
  1664 | D:3      | Reached skill level 4 in Fighting
  1666 | D:3      | Reached XP level 5. HP: 42/42 MP: 5/5
  1797 | D:3      | XOM: harmless Ice miscast
  1900 | D:2      | XOM: divination: detect items
  1901 | D:2      | XOM: harmless Chrm miscast
  1916 | D:3      | XOM: cast spell 'Call Canine Familiar'
  2146 | D:3      | You fall through a shaft!
  2149 | D:4      | Noticed a phantom
  2151 | D:4      | Noticed Eustachio
  2153 | D:4      | XOM: potion effect (brilliance)
  2167 | D:4      | XOM: cast spell 'Confusing Touch'
  2172 | D:4      | XOM: harmless Summ miscast
  2188 | D:4      | Noticed ThereIsNoGod's ghost (amateur MiGl)
  2213 | D:5      | Entered Level 5 of the Dungeon
  2226 | D:5      | XOM: harmless Pois miscast
  2779 | D:5      | Found a staircase to the Ecumenical Temple.
  2779 | D:5      | Noticed an ice beast
  2779 | D:5      | XOM: harmless Conj miscast
  2787 | Temple   | Entered the Ecumenical Temple
  2799 | Temple   | Fell from the grace of Xom
  2799 | Temple   | Became a worshipper of Gozag Ym Sagoz the Greedy
  2817 | D:5      | Killed an ice beast
  2817 | D:5      | Reached skill level 5 in Polearms
  2817 | D:5      | Reached XP level 6. HP: 34/49 MP: 6/6
  2957 | D:4      | XOM: scenery: create altars
  3154 | D:5      | Reached skill level 5 in Fighting
  3219 | D:5      | Noticed aronpayne's ghost (novice FoAK)
  3224 | D:5      | XOM: summons 1 hostile demon
  3243 | D:5      | XOM: noise
  4095 | Temple   | XOM: stat loss: -2 Str (19/21)
  4731 | Temple   | XOM: mild Fire miscast
  5913 | D:5      | Killed aronpayne's ghost
  5913 | D:5      | Reached skill level 6 in Polearms
  5913 | D:5      | Reached XP level 7. HP: 30/57 MP: 7/7
  5966 | D:5      | XOM: god gift: runed mace {god gift}
  6091 | D:5      | You fall through a shaft for 3 floors!
  6091 | D:8      | Noticed a hippogriff
  6103 | D:8      | Noticed Maurice
  6142 | D:8      | Mangled by an iguana

Vault maps used:
D:1:      dpeg_arrival_court, grunt_decor_arrowhead, minmay_misc_feat_columns,
          minmay_pentomino_q2
D:2:      grunt_ministairs_14
D:4:      fedhas_altar_3, uniq_blork_the_orc, uniq_natasha, uniq_eustachio
D:5:      first_bread
D:8:      serial_shops, nicolae_shop_trees, uniq_maurice
Temple:   grunt_wide_crystal_templ

Skill      XL: |  1  2  3  4  5  6 |
---------------+-------------------+-----
Polearms       | 3 4 5 6 |  6.6
Fighting       | 4 5 |  5.9
Armour         | |  1.5
Dodging        | |  0.7

Action                   |  1- 3 |  4- 6 |  7- 9 || total
-------------------------+-------+-------+-------++-------
Melee: Spear             |   117 |   331 |    14 ||   462
       Dagger            |       |    10 |    14 ||    24
Invok: Potion Petition   |       |       |     1 ||     1
  Use: Scroll            |       |     8 |       ||     8
 Stab: Sleeping          |     2 |     1 |       ||     3
       Distracted        |       |     1 |       ||     1
       Invisible         |       |       |     4 ||     4
Armor: Leather armour    |    26 |    87 |     4 ||   117
Dodge: Dodged            |    35 |   156 |    33 ||   224
